 Dungeon Crawl Stone Soup version 0.31-a0-145-g046c7d2549 (webtiles) character file.

Game seed: 10740128269219516815

24584 tilp the Slicer (level 12, -1/97 HPs)
             Began as a Vampire Enchanter on June 4, 2023.
             Was a High Priest of Wu Jian.
             Slain by a naga
             ... wielding a +0 war axe
              (13 damage)
             ... on level 3 of the Lair of Beasts on June 5, 2023.
             The game lasted 00:27:13 (13117 turns).

tilp the Slicer (Vampire Enchanter)                Turns: 13117, Time: 00:27:13

Health: -1/97      AC:  9    Str:  7    XL:     12   Next: 82%
Magic:  20/31      EV: 11    Int: 29    God:    Wu Jian [*****.]
Gold:   281        SH:  4    Dex: 17    Spells: 14/25 levels left

rFire   . . .        a - +8 dagger of the Shifting Gods {flame, rN+ Int+4 Dex+2 SInv}
rCold   . . .        g - +0 buckler
rNeg    + + .        I - +1 robe of the Valley of Death {Fly rPois Regen+ MP+9}
rPois   +            h - +1 helmet
rElec   .            q - +2 cloak of Dithmenos {rN+ Int+3}
rCorr   .            R - +0 pair of gloves
SInv    +            (no boots)
Will    +....        z - amulet of magic regeneration
Stlth   +++++        M - ring of poison resistance
HPRegen 1.36/turn    Q - ring of wizardry
MPRegen 0.62/turn

%: wizardry (x1)
@: flying, healing quickly, constricted
A: alive, fangs 3, see invisible, vampiric 2
a: Exsanguinate, Renounce Religion, Wall Jump, Serpent's Lash, Heavenly Storm


You were on level 3 of the Lair of Beasts.
You worshipped Wu Jian.
Wu Jian was extremely pleased with you.
You visited 3 branches of the dungeon, and saw 15 of its levels.

You collected 1039 gold pieces.
You spent 758 gold pieces at shops.

Inventory:

Hand Weapons
 a - the +8 dagger of the Shifting Gods (weapon) {flame, rN+ Int+4 Dex+2 SInv}
   (You found it on level 6 of the Dungeon)

   Int:       It affects your intelligence (+4).
   Dex:       It affects your dexterity (+2).
   rN:        It protects you from negative energy.
   SInv:      It lets you see invisible.
 b - a +5 quick blade of venom
Missiles
 k - 4 javelins
 l - 8 poisoned darts (quivered)
 O - 6 boomerangs
 P - 4 curare-tipped darts
Armour
 g - a +0 buckler (worn)
 h - a +1 helmet (worn)
 n - a +1 leather armour of cold resistance
 q - the +2 cloak of Dithmenos (worn) {rN+ Int+3}
   (You bought it in a shop on level 6 of the Dungeon)

   Int:       It affects your intelligence (+3).
   rN:        It protects you from negative energy.
 y - a +1 leather armour of willpower
 H - a +0 robe
 I - the +1 robe of the Valley of Death (worn) {Fly rPois Regen+ MP+9}
   (You bought it in a shop on level 6 of the Dungeon)

   rPois:     It protects you from poison.
   MP:        It affects your magic capacity (+9).
   Fly:       It grants you flight.
   Regen:     It increases your rate of health regeneration.
 N - a +1 hat
 R - a +0 pair of gloves (worn)
Jewellery
 i - an amulet of regeneration
 z - an amulet of magic regeneration (around neck)
 F - an amulet of faith
 M - a ring of poison resistance (left hand)
 Q - a ring of wizardry (right hand)
 W - a ring of wizardry
Wands
 e - a wand of mindburst (14)
 x - a wand of polymorph (7)
 C - a wand of flame (26)
 G - a wand of digging (1)
 S - a wand of paralysis (5)
Scrolls
 d - a scroll of amnesia
 w - a scroll of silence
 A - 3 scrolls of vulnerability
 D - a scroll of immolation
 E - 4 scrolls of teleportation
 K - 2 scrolls of poison
 L - a scroll of fear
 V - a scroll of magic mapping
Potions
 c - a potion of invisibility
 f - 2 potions of ambrosia
 j - a potion of berserk rage
 m - 5 potions of curing
 o - 2 potions of attraction
 p - 3 potions of haste
 r - 5 potions of enlightenment
 s - 3 potions of magic
 t - 3 potions of might
 u - a potion of cancellation
 v - 2 potions of mutation
 B - a potion of resistance
 J - 2 potions of heal wounds
 T - a potion of brilliance {unknown}
 U - a potion of lignification


   Skills:
 - Level 10.0 Fighting
 * Level 13.1 Short Blades
 * Level 3.3 Armour
 - Level 6.0 Dodging
 - Level 12.0 Stealth
 - Level 7.0 Spellcasting
 - Level 2.0 Conjurations
 - Level 10.0 Hexes
 - Level 2.0 Ice Magic
 - Level 4.0 Evocations


You had 14 spell levels left.
You knew the following spells:

 Your Spells              Type           Power      Damage    Failure   Level
a - Ensorcelled Hibernat  Hex/Ice        88%        N/A       1%          2
b - Confusing Touch       Hex            62%        N/A       1%          3
c - Tukima's Dance        Hex            62%        N/A       1%          3
d - Dazzling Flash        Conj/Hex       88%        N/A       1%          3

Your spell library contained the following spells:

 Spells                   Type           Power      Damage    Failure   Level
 Magic Dart               Conj           84%        1d7       1%          1
 Searing Ray              Conj           42%        2d6       2%          2
 Fulminant Prism          Conj/Hex       22%        3d12      2%          4
 Static Discharge         Conj/Air       30%        2-4/arc   3%          2
 Airstrike                Air            5%         2d(1-17)  32%         4
 Animate Dead             Necr           10%        N/A       32%         4
 Summon Lightning Spire   Summ/Air       10%        N/A       32%         4
 Irradiate                Conj/Tmut      7%         3d14      50%         5
 Blade Hands              Tmut           5%         N/A       65%         5
 Dragon Form              Tmut           5%         N/A       100%        7
 Haunt                    Necr/Summ      5%         N/A       100%        7
 Infestation              Necr           5%         N/A       100%        8


Dungeon Overview and Level Annotations

Branches:
Dungeon (11/15)            Temple (1/1) D:4            Lair (3/5) D:9
  Swamp (0/4) Lair:2        Snake (0/4) Lair:3          Orc (0/2) D:11

Altars:
Ashenzari
Cheibriados
Dithmenos
Fedhas
Gozag
Hepliaklqana
Kikubaaqudgha
Makhleb
Nemelex Xobeh
Okawaru
Qazlal
Ru
Sif Muna
Trog
Uskayaw
Vehumet
Wu Jian
Xom
Yredelemnul
Lugonu

Shops:
D:6 !?[((

Portals:
Abyss: Lair:3

Annotations:
D:4 dig vault (quasits)
D:6 2 transporters


Innate Abilities, Weirdness & Mutations

Your natural rate of healing is accelerated.
You have razor-sharp teeth.
You have supernaturally acute eyesight. (SInv)
You are afflicted with vampirism and can become a bat while bloodless.


Message History

The naga barely misses you. x2
Casting: Ensorcelled Hibernation (safe; 1% risk of failure)
Confirm with . or Enter, or press ? or * to list all spells.
Aiming: Ensorcelled Hibernation (safe; 1% risk of failure)
Press: ? - help, Shift-Dir - straight line, f/p - naga
Aim: a naga, wielding a +0 dire flail (severely wounded, chance to affect: 50%)
The naga resists with significant effort.
The naga barely misses you. You block the naga's attack.
The naga hits you with a +0 dire flail!
* * * LOW HITPOINT WARNING * * *
The naga closely misses you.
You feel much better. You block the naga's attack. The naga misses you.
The naga closely misses you. The naga completely misses you.
Unknown command.
Casting: Ensorcelled Hibernation (safe; 1% risk of failure)
Confirm with . or Enter, or press ? or * to list all spells.
Aiming: Ensorcelled Hibernation (safe; 1% risk of failure)
Press: ? - help, Shift-Dir - straight line, f/p - naga
Aim: a naga, wielding a +0 dire flail (heavily wounded, chance to affect: 50%)
The naga resists with significant effort.
The naga spits poison at you.
The splash of poison hits you but does no damage.
You resist. The naga hits you with a +0 dire flail!
* * * LOW HITPOINT WARNING * * *
The naga barely misses you.
Casting: Ensorcelled Hibernation (safe; 1% risk of failure)
Confirm with . or Enter, or press ? or * to list all spells.
Aiming: Ensorcelled Hibernation (safe; 1% risk of failure)
Press: ? - help, Shift-Dir - straight line, f/p - naga
Aim: a naga, wielding a +0 dire flail (heavily wounded, chance to affect: 50%)
The naga looks drowsy...
You block the naga's attack. The naga grabs you. The naga constricts you.
* * * LOW HITPOINT WARNING * * *
Unknown command.
The helpless naga fails to defend itself.
You skewer the naga like a kebab!!!!! You burn the naga.
You kill the naga!
The Council accepts your kill. The naga hits you with a +0 war axe!
You die...

#..........P### ##............#
#.....###...## ##....##...##
#....#...## #....##...##
#####....###...## ##.)P#....#
##.).## ### #..PP.....# ##@..#
#.# ##P#......[# #N..## #######..
# ##.......# #..)## ###.#.##...
###........##..... ####.#........
...P.......##.⌠.⌠.##..#..........
...........##.....##...#.........
[..........###.>.###.............
.....<.....# #...# #.............
...........#########.............


You could see a naga (catching breath).

Vanquished Creatures
  Josephine (Lair:3)
  Fannar (D:10)
  A boulder beetle (D:11)
  2 two-headed ogres
  Sonja (D:10)
  Amaemon (D:10)
  Pikel (D:6)
  A cyclops (D:11)
  A black mamba (Lair:1)
  Joseph (D:10)
  4 cane toads
  An orange demon (D:10)
  2 unseen horrors
  3 komodo dragons
  2 trolls
  Grinder (D:4)
  A polar bear (Lair:3)
  2 hornets
  13 blink frogs
  A vampire (D:9)
  6 wraiths
  33 yaks
  A wyvern (Lair:1)
  3 basilisks
  2 nagas (Lair:3)
  8 vampire mosquitoes
  4 water moccasins
  Duvessa (D:4)
  3 orc warriors
  A sky beast (D:8)
  An ice beast (D:5)
  12 wolves
  3 lemures (D:6)
  6 centaurs
  2 phantoms
  9 bullfrogs
  2 scorpions
  A gnoll sergeant (D:8)
  9 wights
  Dowan (D:4)
  3 killer bees (D:10)
  4 electric eels (D:10)
  6 howler monkeys
  Crazy Yiuf (D:6)
  7 hounds
  3 orc priests
  A gnoll bouda (D:8)
  Ijyb (D:4)
  2 iguanas (D:4)
  8 orc wizards
  2 sleepcaps
  9 gnolls
  10 adders
  A shadow imp (D:6)
  A white imp (D:5)
  An ufetubus (D:4)
  4 worms
  5 dart slugs
  33 orcs
  7 endoplasms
  6 giant cockroaches
  11 goblins
  9 hobgoblins
  4 jackals (D:3)
  4 quokkas
  5 ball pythons
  8 bats
  6 frilled lizards
  4 kobolds
  7 rats
322 creatures vanquished.

Vanquished Creatures (collateral kills)
  2 wights
  An orc (D:6)
3 creatures vanquished.

Vanquished Creatures (others)
  3 dancing weapons
  3 gnolls (D:8)
  A lurking horror (Lair:3)
7 creatures vanquished.

Grand Total: 332 creatures vanquished

Notes
Turn   | Place    | Note
-------+----------+-------------------------------------------
     0 | D:1      | tilp the Vampire Enchanter began the quest for the Orb.
     0 | D:1      | Reached XP level 1. HP: 13/13 MP: 3/3
   202 | D:1      | Reached XP level 2. HP: 19/20 MP: 5/5
   205 | D:1      | Learned a level 2 spell: Ensorcelled Hibernation
   472 | D:1      | Reached skill level 1 in Fighting
   629 | D:1      | Gained mutation: You are afflicted with vampirism and can
                  | become a bat while bloodless. [Vampire growth]
   629 | D:1      | Reached XP level 3. HP: 26/26 MP: 1/6
   643 | D:1      | Learned a level 3 spell: Confusing Touch
  1401 | D:2      | Reached skill level 2 in Short Blades
  1640 | D:2      | Identified the +11 short sword "Kiriucse" {freeze, Will+}
  2105 | D:2      | Reached XP level 4. HP: 32/32 MP: 3/8
  2256 | D:2      | Learned a level 3 spell: Tukima's Dance
  3208 | D:3      | Found an iron altar of Okawaru.
  3240 | D:3      | Reached skill level 5 in Stealth
  3337 | D:4      | Found a staircase to the Ecumenical Temple.
  3344 | D:4      | Reached XP level 5. HP: 38/38 MP: 4/9
  3355 | Temple   | Entered the Ecumenical Temple
  3689 | D:4      | Noticed Duvessa
  3689 | D:4      | Noticed Dowan
  3723 | D:4      | Killed Duvessa
  3724 | D:4      | Reached skill level 3 in Short Blades
  3724 | D:4      | Reached skill level 5 in Hexes
  3724 | D:4      | Reached XP level 6. HP: 21/44 MP: 1/10
  3744 | D:4      | Killed Dowan
  4256 | D:4      | Noticed Ijyb
  4268 | D:4      | Killed Ijyb
  4506 | D:4      | Reached XP level 7. HP: 51/51 MP: 8/12
  4591 | D:4      | Noticed Grinder
  4624 | D:4      | Killed Grinder
  4625 | D:4      | Reached skill level 4 in Short Blades
  4712 | D:4      | Found an ornate altar of the Wu Jian Council.
  4744 | D:4      | Became a worshipper of the Wu Jian Council
  4774 | D:5      | Entered Level 5 of the Dungeon
  5232 | D:5      | Reached XP level 8. HP: 60/60 MP: 11/14
  5294 | D:5      | Reached skill level 5 in Short Blades
  5795 | D:5      | Found a basalt altar of Yredelemnul.
  5820 | D:5      | Reached * piety under Wu Jian
  5843 | D:5      | Reached skill level 5 in Spellcasting
  5963 | D:5      | Found a shimmering altar of Xom.
  5963 | D:5      | Found a hide-covered altar of Uskayaw.
  6002 | D:6      | Found Viorrete's Antique Weapon Shoppe.
  6008 | D:6      | Learned a level 3 spell: Dazzling Flash
  6017 | D:6      | Noticed Pikel
  6042 | D:6      | Reached skill level 6 in Short Blades
  6093 | D:6      | Killed Pikel
  6094 | D:6      | Reached skill level 5 in Fighting
  6094 | D:6      | Reached XP level 9. HP: 57/68 MP: 7/16
  6196 | D:6      | Found Tuekism's Antique Weapon Boutique.
  6222 | D:6      | Reached skill level 7 in Short Blades
  6237 | D:6      | Found Uhezah's Antique Armour Boutique.
  6240 | D:6      | Found a sparkling altar of Nemelex Xobeh.
  6371 | D:6      | Found Migad's Distillery.
  6375 | D:6      | Bought a potion of heal wounds for 65 gold pieces
  6375 | D:6      | Bought a potion of haste for 130 gold pieces
  6464 | D:6      | Identified the +8 dagger of the Shifting Gods {flame, rN+
                  | Int+4 Dex+2 SInv}
  6474 | D:6      | Found Dupeom's Magic Scroll Shoppe.
  6482 | D:6      | Bought a scroll of fear for 48 gold pieces
  6485 | D:6      | Found a transporter.
  6503 | D:6      | Found a transporter.
  6512 | D:6      | Noticed a kobold demonologist
  6619 | D:6      | Found a runed translucent door.
  6620 | D:6      | Noticed Crazy Yiuf
  6627 | D:6      | Killed Crazy Yiuf
  6678 | D:6      | Bought an ominously black robe for 142 gold pieces
  6678 | D:6      | Identified the +1 robe of the Valley of Death {Fly rPois
                  | Regen+ MP+9} (You bought it in a shop on level 6 of the
                  | Dungeon)
  6728 | D:6      | Bought a scroll of identify for 24 gold pieces
  6779 | D:7      | Found a stormy altar of Qazlal.
  6981 | D:7      | Found a bloodstained altar of Trog.
  7019 | D:7      | Found a sacrificial altar of Ru.
  7021 | D:7      | Reached ** piety under Wu Jian
  7050 | D:7      | Reached skill level 8 in Short Blades
  7529 | D:8      | Reached skill level 9 in Short Blades
  7529 | D:8      | Reached skill level 10 in Stealth
  7623 | D:8      | Reached XP level 10. HP: 21/76 MP: 17/17
  7718 | D:8      | Reached skill level 10 in Short Blades
  8157 | D:9      | Reached skill level 1 in Evocations
  8223 | D:9      | Identified the +4 scale mail "Eqoextup" {Int+2}
  8284 | D:9      | Found a staircase to the Lair.
  8316 | D:9      | Reached skill level 1 in Conjurations
  8321 | D:9      | Reached skill level 1 in Ice Magic
  8735 | D:10     | Entered Level 10 of the Dungeon
  8746 | D:10     | Noticed an orange demon
  8746 | D:10     | Noticed Amaemon
  8758 | D:10     | Killed an orange demon
  8792 | D:10     | Noticed Joseph
  8966 | D:10     | Reached *** piety under Wu Jian
  9146 | D:10     | Noticed Sonja
  9263 | D:10     | Killed Joseph
  9264 | D:10     | Reached XP level 11. HP: 82/83 MP: 20/20
  9271 | D:10     | Killed Amaemon
  9272 | D:10     | Reached skill level 5 in Dodging
  9311 | D:10     | Noticed Fannar
  9317 | D:10     | Killed Fannar
  9445 | D:10     | Killed Sonja
  9500 | D:10     | Noticed a two-headed ogre
  9504 | D:10     | Killed a two-headed ogre
  9690 | D:10     | Identified a scroll of acquirement
  9690 | D:10     | Acquired a +3 quick blade of venom
  9846 | D:6      | Bought a translucent cloak for 237 gold pieces
  9846 | D:6      | Identified the +2 cloak of Dithmenos {rN+ Int+3} (You
                  | bought it in a shop on level 6 of the Dungeon)
 10089 | D:11     | Noticed a two-headed ogre
 10097 | D:11     | Killed a two-headed ogre
 10194 | D:11     | Found a staircase to the Orcish Mines.
 10509 | D:11     | Noticed a boulder beetle
 10514 | D:11     | Killed a boulder beetle
 10621 | Lair:1   | Entered Level 1 of the Lair of Beasts
 10731 | Lair:1   | Reached **** piety under Wu Jian
 10736 | Lair:1   | Reached skill level 10 in Hexes
 10910 | Lair:1   | Reached skill level 11 in Short Blades
 10933 | Lair:1   | Reached XP level 12. HP: 94/94 MP: 22/22
 11591 | Lair:2   | Reached skill level 12 in Short Blades
 11634 | Lair:2   | Found a staircase to the Swamp.
 12424 | D:6      | Bought a pair of gloves for 112 gold pieces
 12758 | Lair:3   | Reached skill level 1 in Armour
 12842 | Lair:3   | Reached skill level 10 in Fighting
 12850 | Lair:3   | Noticed Josephine
 12886 | Lair:3   | Killed Josephine
 12901 | Lair:3   | Reached ***** piety under Wu Jian
 12921 | Lair:3   | Reached skill level 13 in Short Blades
 12939 | Lair:3   | Found a corrupted altar of Lugonu.
 12940 | Lair:3   | Found a one-way gate to the infinite horrors of the Abyss.
 13098 | Lair:3   | Found a staircase to the Snake Pit.
 13117 | Lair:3   | Slain by a naga

Illustrated notes

Levels and vault maps discovered:
D:1:      dpeg_arrival_lava_altar, layout_loops_ring, roderic_roman_lattice
D:2:      layout_basic, grunt_decor_fettered
D:3:      layout_basic, okawaru_altar_gauntlet_db
D:4:      cheibrodos_quashed, layout_gridville, nzn_wu_jian_contemplation,
          minmay_temple_entry_drinking_statues, nrook_mini_vaults,
          grunt_decor_mini_mirrors, amcnicky_mini_corridor_feature,
          uniq_grinder, uniq_duvessa, uniq_ijyb
D:5:      kb_forest_paths, layout_basic, general_overflow_altar,
          gammafunk_temple_overflow_elements, kennysheep_donut
D:6:      gammafunk_wand_slinger, layout_basic, overflow_temple_1_default,
          serial_shops, nicolae_shop_trees, shop, nicolae_shop_back_alley_shop,
          shop, nicolae_shop_tiny_glass, uniq_pikel, uniq_crazy_yiuf_cottage
D:7:      layout_loops_ring, mainiacjoe_overflow_tiny_flanked,
          nicolae_qazlal_general_emergency, nicolae_ru_great_annihilating_truth,
          lemuel_coloured_pillars_altar
D:8:      layout_cave_pools
D:9:      layout_basic, lair_entry_dummy
D:10:     layout_stronghold, kennysheep_boxes, uniq_amaemon, uniq_sonja,
          uniq_fannar, uniq_joseph
D:11:     layout_loops_ring, david_orc_2
Temple:   chequers_temple_sunken
Lair:1:   layout_regular_city
Lair:2:   layout_cave_pods, swamp_mist, grunt_megastairs_1
Lair:3:   layout_hall_layers, nicolae_snake_entry_squirm,
          amcnicky_altar_lugonu_corruption, uniq_josephine

Skill      XL: |  1  2  3  4  5  6  7  8  9 10 11 12 |
---------------+-------------------------------------+-----
Fighting       | 1 2 3 5 6 8 10 | 10.0
Short Blades   | 2 3 4 6 9 10 11 13 | 13.1
Stealth        | 5 6 7 10 12 | 12.0
Spellcasting   | 3 4 5 6 7 |  7.0
Dodging        | 3 4 6 |  6.0
Hexes          | 5 6 7 8 10 | 10.0
Evocations     | 3 4 |  4.0
Conjurations   | 2 |  2.0
Ice Magic      | 2 |  2.0
Armour         | 3 |  3.3

Action                     |  1- 3 |  4- 6 |  7- 9 | 10-12 || total
---------------------------+-------+-------+-------+-------++-------
  Melee: Dagger            |    97 |   119 |   206 |   350 ||   772
         Bite              |     8 |     7 |    20 |    27 ||    62
         Punch             |     2 |       |       |       ||     2
  Throw: Dart              |       |       |       |     1 ||     1
   Cast: Ensorcelled Hiber |    22 |    39 |    75 |   126 ||   262
         Confusing Touch   |       |     2 |    17 |    31 ||    50
         Tukima's Dance    |       |       |    13 |       ||    13
         Dazzling Flash    |       |       |     2 |       ||     2
Ability: Lunge             |       |       |    21 |    47 ||    68
         Whirlwind         |       |       |     5 |    17 ||    22
    Use: Scroll            |     3 |     6 |    10 |     8 ||    27
         Potion            |       |     1 |       |     1 ||     2
   Stab: Sleeping          |    31 |    30 |    62 |   105 ||   228
         Invisible         |       |     6 |       |       ||     6
         Confused          |       |     2 |    13 |    16 ||    31
         Distracted        |       |       |     1 |     1 ||     2
         Paralysed         |       |       |     1 |       ||     1
 Armour: Robe              |    18 |     8 |    12 |    57 ||    95
         Leather armour    |       |    23 |    24 |       ||    47
  Dodge: Dodged            |    53 |    71 |    98 |   189 ||   411
  Block: Buckler           |     7 |    22 |    28 |    40 ||    97

Table legend: (Time is in decaauts)
 A = Elapsed time spent in this place.
 B = Non-inter-level travel time spent in this place.
 C = Inter-level travel time spent in this place.
 D = Time resting spent in this place.
 E = Time spent auto-exploring this place.
 F = Levels seen in this place.
 G = Mean time per level.
                   A        B        C        D        E       F      G
               +--------+--------+--------+--------+--------+-----+--------+
         Total |  13048 |  12268 |    780 |    950 |   8738 |  15 |  869.9 |
       Dungeon |  10430 |   9740 |    690 |    774 |   6920 |  11 |  948.2 |
        Temple |    249 |    243 |      6 |      0 |    235 |   1 |  249.0 |
          Lair |   2369 |   2286 |     83 |    176 |   1582 |   3 |  789.7 |
               +--------+--------+--------+--------+--------+-----+--------+

Top non-repeatable levels by time:
     D:5: 1216 daAuts
     D:2: 1184 daAuts
     D:3: 1178 daAuts
     D:1: 1143 daAuts
     D:4: 1053 daAuts
    D:10: 1030 daAuts
  Lair:2: 1019 daAuts
  Lair:1: 909 daAuts
     D:9: 801 daAuts
     D:6: 766 daAuts
     D:7: 731 daAuts
     D:8: 687 daAuts
    D:11: 635 daAuts
  Lair:3: 440 daAuts
  Temple: 249 daAuts
